 Dungeon Crawl Stone Soup version 0.26.1-11-gd32895ea62 (webtiles) character file.

Game seed: 13822959590467195278

5853 DearestLeader the Destroyer (level 10, 0/83 HPs)
             Began as a Grey Draconian Conjurer on July 25, 2021.
             Was a Priest of Vehumet.
             Slain by a tentacled starspawn (19 damage)
             ... on level 1 of the Abyss on Aug 4, 2021.
             The game lasted 00:27:45 (8760 turns).

DearestLeader the Destroyer (DrCj)                  Turns: 8760, Time: 00:27:46

Health: 0/83       AC: 13    Str:  5 (6)  XL:     10   Next: 52%
Magic:  14/14      EV:  9    Int: 26      God:    Vehumet [***...]
Gold:   479        SH:  0    Dex:  5 (6)  Spells: 6/19 levels left

rFire    + . .     SeeInvis .   F - +6 falchion "Pessuts" {vorpal, rElec rF+ Will+ Int+3}
rCold    . . .     Faith    .   (no shield)
rNeg     . . .     Spirit   .   (armour unavailable)
rPois    .         Reflect  .   (helmet restricted)
rElec    +         Harm     .   (no cloak)
rCorr    .         Rampage  .   e - +0 pair of gloves
Will     +....                  (no boots)
Stlth    +.........             A - amulet of regeneration
HPRegen  0.63/turn              b - +6 ring of intelligence
MPRegen  0.14/turn              D - ring of flight

@: constricted
A: walk through water, unfitting armour, [clumsy 2], [deterioration 2], [dopey
2], [low mp 2], [weak 2], unbreathing, cold-blooded, AC +12
a: Renounce Religion, Evoke Flight


You were on level 1 of the Abyss.
You worshipped Vehumet.
Vehumet was most pleased with you.
You visited 1 branch of the dungeon, and saw 7 of its levels.
You visited the Abyss 1 time.
You also visited: Sewer.

You collected 479 gold pieces.

Inventory:

Hand Weapons
 F - the +6 falchion "Pessuts" (weapon) {vorpal, rElec rF+ Will+ Int+3}
   (You found it on level 7 of the Dungeon)

   It inflicts extra damage upon your enemies.
   It affects your intelligence (+3).
   It protects you from fire.
   It insulates you from electricity.
   It affects your willpower, your defense against some magical effects.
 H - the +9 hand crossbow of the Distant Future {penet, rF+ Int+3, unknown}
   (You found it on level 7 of the Dungeon)

   Ammo fired by it passes through the targets it hits, potentially hitting all
   targets in its path until it reaches maximum range.
   It affects your intelligence (+3).
   It protects you from fire.
Missiles
 h - 98 sling bullets
 r - 8 poisoned darts
 y - 8 javelins (quivered)
Armour
 e - a +0 pair of gloves (worn)
Jewellery
 b - a +6 ring of intelligence (left hand)
 A - an amulet of regeneration (around neck)
 D - a ring of flight (right hand)
Wands
 n - a wand of flame (11)
 w - a wand of digging (5)
 E - a wand of iceblast (12)
 G - a wand of disintegration (12)
Scrolls
 c - 2 scrolls of amnesia
 f - 2 scrolls of blinking {unknown}
 g - a scroll of teleportation
 i - 2 scrolls of random uselessness
 m - 3 scrolls of enchant armour
 o - a scroll of fog
 t - a scroll of silence
 x - a scroll of enchant weapon {unknown}
Potions
 d - a potion of lignification {unknown}
 j - a potion of ambrosia {unknown}
 k - 3 potions of attraction
 l - 2 potions of haste
 p - 3 potions of curing {unknown}
 s - 3 potions of mutation {unknown}
 u - a potion of brilliance {unknown}
 z - a potion of cancellation {unknown}
 B - 2 potions of flight {unknown}
 C - a potion of invisibility {unknown}


   Skills:
 - Level 6.0 Fighting
 * Level 5.1 Long Blades
 - Level 6.4 Maces & Flails
 + Level 3.3 Dodging
 - Level 1.7 Stealth
 - Level 5.0 Spellcasting
 + Level 11.3 Conjurations


You had 6 spell levels left.
You knew the following spells:

 Your Spells              Type           Power        Failure   Level
a - Magic Dart            Conj           100%         1%          1
b - Searing Ray           Conj           100%         1%          2
c - Fulminant Prism       Conj/Hex       17%          2%          4
d - Dazzling Flash        Conj/Hex       70%          1%          3
e - Mephitic Cloud        Conj/Pois/Air  26%          1%          3

Your spell library contained the following spells:

 Spells                   Type           Power        Failure   Level
 Freeze                   Ice            24%          2%          1
 Hailstorm                Conj/Ice       35%          2%          4
 Iskenderun's Mystic Bla  Conj/Tloc      35%          2%          4
 Frozen Ramparts          Ice            12%          6%          3
 Animate Skeleton         Necr           12%          8%          1
 Apportation              Tloc           12%          8%          1
 Corona                   Hex            6%           8%          1
 Summon Small Mammal      Summ           24%          8%          1
 Call Imp                 Summ           6%           12%         2
 Call Canine Familiar     Summ           6%           22%         3
 Ozocubu's Armour         Ice            6%           22%         3
 Summon Guardian Golem    Hex/Summ       6%           22%         3
 Summon Ice Beast         Ice/Summ       6%           58%         4
 Summon Lightning Spire   Summ/Air       6%           58%         4


Dungeon Overview and Level Annotations

Branches:
Dungeon (7/15)             Temple (0/1) D:6           Sewer (visited)

Altars:
Gozag
Okawaru
Qazlal
Sif Muna
Trog
Uskayaw
Vehumet

Annotations:
D:3 1 runed translucent door, krabocopter's ghost, amateur DsGl
D:4 3 runed translucent doors, H0rd4k's ghost, novice OpTm
D:7 Joseph


Innate Abilities, Weirdness & Mutations

You can walk through water.
Your dull iron-grey scales are very hard. (AC +12)
You cannot fit into any form of body armour.
You can survive without breathing.
You are cold-blooded and may be slowed by cold attacks.
[You are very clumsy. (Dex -4)]
[Your body often deteriorates upon taking damage.]
[You are very dopey. (Int -4)]
[Your magical capacity is very low. (-20% MP)]
[You are very weak. (Str -4)]


Message History

You resist.
Tentacles burst from the starspawn's body! 2 starspawn tentacles come into view.
You hit the starspawn tentacle.
The starspawn tentacle is moderately damaged.
The cyan very ugly thing kicks you but does no damage.
The tentacled starspawn bites you!! The tentacled starspawn engulfs you!!
* * * LOW HITPOINT WARNING * * *
The starspawn tentacle closely misses you.
You riposte.
You hit the starspawn tentacle.
The starspawn tentacle is lightly damaged.
The starspawn tentacle grabs you. The starspawn tentacle constricts you.
The cyan very ugly thing closely misses you.
You riposte.
You barely miss the cyan very ugly thing.
As you read the scroll of fear, it crumbles to dust.
You assume a fearsome visage.
The tentacled starspawn is unaffected.
The cyan very ugly thing looks frightened! x2
The starspawn tentacle is unaffected. x2; The tentacled starspawn bites you!!
You die...

# .. . .#. ....
ยง.# # .
..##..#.# . # ..#
#...#### ## ..
##..##.....#####.
##..#...
..##.#.... # .
../.# .## ##..
### .# #x .###
....##w##.#.#
.#.## ## ##
#X@u...# ### #
#u.w#..## #
##...##..# #
#..#.u##...#
##.###. .## ###
.. .# . #.. # #u.
#.# u#.


You could see 2 very ugly things, a tentacled starspawn and 2 starspawn
tentacles.

Vanquished Creatures
  A thrashing horror (Abyss:1)
  A sixfirhy (Abyss:1)
  A wretched star (Abyss:1)
  Pikel (D:4)
  Maggie (D:7)
  A troll (D:7)
  A ynoxinul (Abyss:1)
  Eustachio (D:4)
  Menkaure (D:6)
  An orc warrior (D:7)
  A large abomination (Abyss:1)
  Purgy (Sewer)
  2 sky beasts (D:7)
  An ice beast (D:7)
  2 phantoms
  5 ogres
  4 centaurs
  A bullfrog (D:7)
  2 small abominations (Abyss:1)
  3 wights (D:7)
  6 killer bees (D:7)
  A howler monkey (D:4)
  A centaur zombie (D:6)
  A bullfrog zombie (D:5)
  A hound (D:6)
  2 centaur skeletons
  2 orc priests
  A jelly (D:5)
  2 bullfrog skeletons
  An orc wizard (D:7)
  4 worker ants
  A hound zombie (D:5)
  A hound skeleton (D:4)
  7 gnolls
  5 adders
  2 howler monkey skeletons
  A river rat (D:4)
  A shadow imp (D:6)
  2 white imps
  4 ufetubi
  2 adder skeletons
  4 worms
  6 dart slugs
  3 leopard geckos (D:4)
  9 orcs
  3 giant cockroaches
  5 hobgoblins
  4 jackals (D:3)
  4 quokkas
  2 ball pythons
  4 bats
  6 frilled lizards
  9 goblins
  7 kobolds
  A leopard gecko skeleton (D:7)
  10 rats
157 creatures vanquished.

Vanquished Creatures (others)
  3 fulminant prisms (D:7)
  14 starspawn tentacles (Abyss:1)
17 creatures vanquished.

Grand Total: 174 creatures vanquished

Notes
Turn   | Place    | Note
-------+----------+-------------------------------------------
     0 | D:1      | DearestLeader the Draconian Conjurer began the quest for
                  | the Orb.
     0 | D:1      | Reached XP level 1. HP: 14/14 MP: 3/3
   310 | D:1      | Reached XP level 2. HP: 20/20 MP: 0/5
   313 | D:1      | Learned a level 2 spell: Searing Ray
   644 | D:2      | Found an iron altar of Okawaru.
  1271 | D:2      | Reached skill level 5 in Conjurations
  1297 | D:2      | Reached XP level 3. HP: 26/26 MP: 2/6
  1620 | D:2      | Found a radiant altar of Vehumet.
  1620 | D:2      | Found a shimmering blue altar of Sif Muna.
  1635 | D:2      | Became a worshipper of Vehumet
  2537 | D:3      | Found a runed translucent door.
  2539 | D:3      | Noticed krabocopter's ghost (amateur DsGl)
  2806 | D:4      | Reached * piety under Vehumet
  2806 | D:4      | Offered knowledge of Foxfire by Vehumet.
  2807 | D:4      | Reached XP level 4. HP: 28/33 MP: 0/7
  2921 | D:4      | Found a runed translucent gate.
  2921 | D:4      | Found a runed translucent gate.
  2921 | D:4      | Found a runed translucent gate.
  2922 | D:4      | Found an opulent altar of Gozag.
  2924 | D:4      | Noticed H0rd4k's ghost (novice OpTm)
  2925 | D:4      | Noticed an orc warrior
  2981 | D:4      | Noticed a moth of wrath
  2984 | D:4      | Found a bloodstained altar of Trog.
  3199 | D:4      | Reached skill level 6 in Conjurations
  3244 | D:4      | Found a glowing drain.
  3248 | Sewer    | Entered a sewer
  3348 | Sewer    | Noticed Purgy
  3356 | Sewer    | Killed Purgy
  3357 | Sewer    | Reached XP level 5. HP: 28/38 MP: 0/8
  3587 | D:4      | Noticed Eustachio
  3592 | D:4      | Reached skill level 7 in Conjurations
  3617 | D:4      | Killed Eustachio
  3618 | D:4      | Reached XP level 6. HP: 28/45 MP: 2/9
  3778 | D:4      | Reached skill level 8 in Conjurations
  3865 | D:4      | Noticed Pikel
  3912 | D:4      | Killed Pikel
  3913 | D:4      | Reached skill level 9 in Conjurations
  3913 | D:4      | Your scales start taking on a dull iron-grey colour.
  3913 | D:4      | Reached XP level 7. HP: 39/50 MP: 4/10
  3913 | D:4      | Gained mutation: You can survive without breathing. [Grey
                  | Draconian growth]
  4154 | D:4      | Reached skill level 1 in Maces & Flails
  4535 | D:5      | Entered Level 5 of the Dungeon
  4589 | D:5      | Reached skill level 1 in Fighting
  4589 | D:5      | Reached XP level 8. HP: 50/59 MP: 2/11
  4905 | D:5      | Reached skill level 10 in Conjurations
  4976 | D:5      | Offered knowledge of Sandblast by Vehumet.
  5596 | D:5      | Reached ** piety under Vehumet
  6304 | D:6      | Found a stormy altar of Qazlal.
  6306 | D:6      | Noticed an air elemental
  6641 | D:6      | Found a staircase to the Ecumenical Temple.
  6725 | D:6      | Noticed Menkaure
  6730 | D:6      | Killed Menkaure
  6731 | D:6      | Reached skill level 5 in Maces & Flails
  6843 | D:6      | Found a hide-covered altar of Uskayaw.
  7119 | D:7      | Noticed a troll
  7162 | D:7      | Noticed Maggie
  7167 | D:7      | Reached XP level 9. HP: 49/70 MP: 13/13
  7243 | D:7      | Killed a troll
  7308 | D:7      | Learned a level 4 spell: Fulminant Prism
  7312 | D:7      | Learned a level 3 spell: Dazzling Flash
  7523 | D:7      | Killed Maggie
  7554 | D:7      | Got a translucent falchion
  7556 | D:7      | Identified the +6 falchion "Pessuts" {vorpal, rElec rF+
                  | Will+ Int+3} (You found it on level 7 of the Dungeon)
  7755 | D:7      | Reached skill level 1 in Long Blades
  7786 | D:7      | Offered knowledge of Mephitic Cloud by Vehumet.
  7791 | D:7      | Learned a level 3 spell: Mephitic Cloud
  7860 | D:7      | Reached skill level 5 in Fighting
  7869 | D:7      | Got a transparent hand crossbow
  7931 | D:7      | Reached *** piety under Vehumet
  8189 | D:7      | Noticed Joseph
  8193 | D:7      | Cast into level 1 of the Abyss (Joseph)
  8193 | Abyss:1  | Found a corrupted altar of Lugonu.
  8250 | Abyss:1  | Noticed a sixfirhy
  8256 | Abyss:1  | Killed a sixfirhy
  8257 | Abyss:1  | Reached skill level 11 in Conjurations
  8257 | Abyss:1  | Reached XP level 10. HP: 58/82 MP: 6/16
  8327 | Abyss:1  | Noticed a wretched star
  8352 | Abyss:1  | Noticed a large abomination
  8364 | Abyss:1  | Noticed a worldbinder
  8370 | Abyss:1  | Noticed a sixfirhy
  8377 | Abyss:1  | Noticed a lich
  8381 | Abyss:1  | Noticed an ironheart preserver
  8411 | Abyss:1  | HP: 2/82 [large abomination (21)]
  8476 | Abyss:1  | HP: 3/83 [small abomination (4)]
  8562 | Abyss:1  | Noticed a tentacled starspawn
  8574 | Abyss:1  | Noticed a thrashing horror
  8579 | Abyss:1  | Noticed a wretched star
  8590 | Abyss:1  | Killed a thrashing horror
  8592 | Abyss:1  | HP: 2/83 [rock wall collision (14)]
  8597 | Abyss:1  | Noticed a large abomination
  8598 | Abyss:1  | Killed a wretched star
  8599 | Abyss:1  | Reached skill level 5 in Long Blades
  8599 | Abyss:1  | Reached skill level 5 in Spellcasting
  8706 | Abyss:1  | Noticed a tentacled starspawn
  8754 | Abyss:1  | Noticed a cyan very ugly thing
  8754 | Abyss:1  | Noticed a cyan very ugly thing
  8754 | Abyss:1  | Noticed a cyan very ugly thing
  8754 | Abyss:1  | Noticed a cyan very ugly thing
  8754 | Abyss:1  | Noticed a cyan very ugly thing
  8760 | Abyss:1  | Slain by a tentacled starspawn

Illustrated notes

Levels and vault maps discovered:
D:1:      ebering_trefoil_3fold, layout_rooms,
          hangedman_abyss_or_decor_lesser_grid
D:2:      layout_basic, lemuel_round_altar,
          chequers_temple_overflow_statue_of_worship,
          chequers_hall_statues_corner_a, kennysheep_generic_room_3
D:3:      layout_loops_cross, ebering_ghost_reflecting_pool
D:4:      layout_layer_cave, gup_sewer_entry_bowl, ebering_ghost_gozag,
          tgw_trog, uniq_pikel, uniq_eustachio
D:5:      layout_layer_cave, kennysheep_generic_room_13
D:6:      layout_loops_cross, nicolae_qazlal_style_of_elements,
          lemuel_round_altar, minmay_temple_entry_enclosed_plants, uniq_menkaure
D:7:      layout_basic, minmay_fountain_box, uniq_maggie, uniq_joseph
Abyss:1:  base: D:1, bh_abyss_xom_lugonu_altar

Skill      XL: |  1  2  3  4  5  6  7  8  9 10 |
---------------+-------------------------------+-----
Conjurations   | 5 6 7 9 10 11 | 11.3
Maces & Flails | 2 5 6 |  6.4
Fighting       | 1 3 5 6 |  6.0
Spellcasting   | 4 5 |  5.0
Long Blades    | 3 5 |  5.1
Dodging        | 2 3 |  3.3
Stealth        | |  1.7

Action                   |  1- 3 |  4- 6 |  7- 9 | 10-12 || total
-------------------------+-------+-------+-------+-------++-------
Melee: Unarmed           |     3 |       |       |       ||     3
       Spear             |     4 |       |       |       ||     4
       Dagger            |    61 |    58 |       |       ||   119
       Tailslap          |     4 |     3 |    18 |       ||    25
       Whip              |       |       |   154 |       ||   154
       Falchion          |       |       |    35 |     4 ||    39
Throw: Dart              |     9 |     5 |       |       ||    14
 Cast: Magic Dart        |    73 |    23 |     8 |       ||   104
       Searing Ray       |     1 |     8 |    35 |     9 ||    53
       Fulminant Prism   |       |       |     3 |       ||     3
  Use: Scroll            |     3 |       |     7 |     3 ||    13
       Potion            |       |       |       |     3 ||     3
 Stab: Sleeping          |     2 |     1 |     2 |       ||     5
Armor: Skin              |    22 |    12 |   118 |    22 ||   174
Dodge: Dodged            |    48 |    32 |   154 |    26 ||   260
       Rpst.: Falchion   |       |       |     6 |     4 ||    10
